 Dungeon Crawl Stone Soup version 0.28.0-47-ge53b351184 (webtiles) character file.

Game seed: 14623604967948947774

8882 CryoSword the Archer (level 11, -5/69 HPs)
             Began as a Tengu Hunter on Apr 26, 2022.
             Was a Believer of Fedhas.
             Slain by a skeletal warrior
             ... wielding a +0 battleaxe
              (29 damage)
             ... on level 8 of the Dungeon.
             The game lasted 00:21:46 (10401 turns).

CryoSword the Archer (Tengu Hunter)                Turns: 10401, Time: 00:21:47

Health: -5/69      AC: 15    Str: 16    XL:     11   Next: 37%
Magic:  15/15      EV: 18    Int: 20    God:    Fedhas [**....]
Gold:   405        SH:  0    Dex: 22    Spells: 10/10 levels left

rFire   . . .      SeeInvis .   a - +1 quarterstaff (spect)
rCold   + . .      Faith    .   (shield currently unavailable)
rNeg    . . .      Spirit   .   F - +7 swamp dragon scales "Elai" {rElec rPois Will- Int+4 Dex+7}
rPois   +          Reflect  .   (helmet restricted)
rElec   +          Harm     .   p - +0 cloak
rCorr   +          Rampage  .   (no gloves)
Will    .....                   (boots unavailable)
Stlth   +.........              C - amulet of magic regeneration
HPRegen 0.21/turn               H - ring of willpower
MPRegen 0.54/turn               n - ring of Qerhoa {rC+ rCorr EV+4 Int+4, =R}

@: flying quickly and evasively, quick
A: beak, talons 3, nimble flight
a: Renounce Religion, Wall of Briars


You were on level 8 of the Dungeon.
You worshipped Fedhas.
Fedhas was pleased with you.
You visited 2 branches of the dungeon, and saw 9 of its levels.
You also visited: Sewer and Bailey.

You collected 405 gold pieces.

Inventory:

Hand Weapons
 a - a +1 spectral quarterstaff (weapon)
   (You found it on level 2 of the Dungeon)
 w - a +2 shortbow of freezing
   (You took it off a centaur warrior on level 8 of the Dungeon)
Missiles
 d - 61 arrows
 l - 12 boomerangs (quivered)
 s - 16 poisoned darts
 A - 2 throwing nets
 J - 5 atropa-tipped darts
Armour
 p - a +0 cloak (worn)
   (You found it on level 4 of the Dungeon)
 F - the +7 swamp dragon scales "Elai" (worn) {rElec rPois Will- Int+4 Dex+7}
   (You found it in a bailey)

   Int:       It affects your intelligence (+4).
   Dex:       It affects your dexterity (+7).
   rElec:     It insulates you from electricity.
   rPois:     It protects you from poison.
   Will:      It decreases your willpower.
Magical Staves
 I - a staff of air
   (You found it in a bailey)
Jewellery
 n - the ring of Qerhoa (right hand) {rC+ rCorr EV+4 Int+4, =R}
   (You found it on level 3 of the Dungeon)

   [ring of evasion]

   EV:        It affects your evasion (+4).
   Int:       It affects your intelligence (+4).
   rC:        It protects you from cold.
   rCorr:     It protects you from acid and corrosion.
 x - a ring of protection from cold
   (You found it on level 5 of the Dungeon)
 C - an amulet of magic regeneration (around neck)
   (You found it on level 7 of the Dungeon)
 H - a ring of willpower (left hand)
   (You found it in a bailey)
Wands
 b - a wand of iceblast (8)
   (You found it on level 7 of the Dungeon)
 r - a wand of charming (8)
   (You found it on level 4 of the Dungeon)
Scrolls
 g - 2 scrolls of vulnerability {unknown}
 k - 2 scrolls of identify {@r1}
 m - a scroll of magic mapping {unknown}
 q - 4 scrolls of teleportation {@r4}
 t - a scroll of silence {unknown}
 v - a scroll of amnesia {unknown}
 y - a scroll of enchant weapon {unknown}
 z - 2 scrolls of immolation {unknown}
 B - a scroll of blinking
 D - a scroll of holy word {unknown}
 E - a scroll of fear {unknown}
 G - a scroll of summoning {unknown}
 K - a scroll of enchant armour {unknown}
 L - 3 scrolls of torment {unknown}
 M - a scroll of acquirement {unknown}
Potions
 c - 4 potions of heal wounds {@q2}
 e - 6 potions of might
 f - 2 potions of haste {@q3}
 h - a potion of lignification {unknown}
 i - 2 potions of attraction {unknown}
 j - 2 potions of brilliance
 o - 3 potions of curing {@q1}
 u - 2 potions of mutation {unknown}
 N - a potion of cancellation {unknown}


   Skills:
 + Level 8.5 Fighting
 + Level 8.7 Staves
 * Level 13.5 Bows
 - Level 2.1 Dodging
 - Level 1.0 Stealth
 + Level 5.1 Invocations


You had 10 spell levels left.
You didn't know any spells.
Your spell library contained the following spells:

 Spells                   Type           Power      Damage    Failure   Level
 Gell's Gravitas          Tloc           0%         N/A       73%         3
 Portal Projectile        Hex/Tloc       0%         N/A       73%         3
 Stone Arrow              Conj/Erth      0%         3d7       73%         3
 Teleport Other           Tloc           0%         N/A       73%         3
 Animate Armour           Summ/Erth      0%         N/A       98%         4
 Animate Dead             Necr           0%         N/A       98%         4
 Blade Hands              Tmut           0%         N/A       100%        5
 Borgnjor's Vile Clutch   Necr/Erth      0%         N/A       100%        5
 Excruciating Wounds      Necr           0%         N/A       100%        5
 Death Channel            Necr           0%         N/A       100%        6
 Dispersal                Tloc           0%         N/A       100%        6
 Lehudib's Crystal Spear  Conj/Erth      0%         10d2      100%        8


Dungeon Overview and Level Annotations

Branches:
Dungeon (8/15)             Temple (1/1) D:6           Sewer (visited)
 Bailey (visited)
   Lair: D:8-11

Altars:
Ashenzari
Cheibriados
Dithmenos
Elyvilon
Fedhas
Gozag
Hepliaklqana
Makhleb
Nemelex Xobeh
Okawaru
Ru
Sif Muna
Trog
Uskayaw
Vehumet
Wu Jian
Yredelemnul
The Shining One

Shops:
D:8 (


Innate Abilities, Weirdness & Mutations

You have a beak for a mouth.
You have claws for feet.
Your magical nature lets you fly swiftly and evasively.


Message History

You shoot an arrow. Fedhas protects your plant from harm.
The arrow barely misses the yaktaur.
The yaktaur hits your briar patch.
Fire: 61 arrows
Aim: a yaktaur, quivering bolts (moderately wounded, ally target, 87% to hit)
You shoot an arrow. Fedhas protects your plant from harm.
The arrow hits the yaktaur!
The arrow freezes the yaktaur.
Fire: 60 arrows
Aim: a yaktaur, quivering bolts (heavily wounded, ally target, 87% to hit)
You shoot an arrow. Fedhas protects your plant from harm.
The arrow hits the yaktaur.
The arrow freezes the yaktaur.
The yaktaur is struck by your briar patch's thorns.
The yaktaur hits your briar patch but does no damage.
Fire: 59 arrows
Aim: a yaktaur, quivering bolts (almost dead, ally target, 87% to hit)
You shoot an arrow. Fedhas protects your plant from harm.
The arrow hits the yaktaur.
The arrow freezes the yaktaur.
The yaktaur hits your briar patch but does no damage.
Fire: 58 arrows
Aim: a yaktaur, quivering bolts (almost dead, ally target, 87% to hit)
You shoot an arrow. Fedhas protects your plant from harm.
The arrow hits the yaktaur!
The arrow freezes the yaktaur.
You kill the yaktaur!
Fedhas appreciates your contribution to the ecosystem.
You fly carefully through the plants.
d - 64 arrows (gained 7)
Things that are here:
a +0 arbalest; 22 bolts
d - 65 arrows (gained 1)
Things that are here:
a +0 arbalest; 22 bolts Your +2 shortbow of freezing stops glowing.
You feel a bond with your +1 spectral quarterstaff.
a - a +1 spectral quarterstaff (weapon)
There is an entrance to Pegraq's Weapon Shoppe here.
Things that are here:
a +0 plate armour; a +0 club A skeletal warrior comes into view.
It is wielding a +0 battleaxe.
A skeletal warrior is nearby!
A skeletal warrior is nearby!
Unknown command.
Okay, then.
Okay, then.
Your +2 shortbow of freezing is covered in frost.
w - a +2 shortbow of freezing (weapon)
A briar patch grows up from the ground. x8
Fire: 65 arrows
Aim: a skeletal warrior, wielding a +0 battleaxe (ally target, 73% to hit)
You shoot an arrow. Fedhas protects your plant from harm.
The arrow hits the skeletal warrior but does no damage.
Fire: 64 arrows
Aim: a skeletal warrior, wielding a +0 battleaxe (ally target, 73% to hit)
You shoot an arrow. Fedhas protects your plant from harm.
The arrow hits the skeletal warrior!
The arrow freezes the skeletal warrior.
The skeletal warrior hits your briar patch with a +0 battleaxe! x2
The skeletal warrior hits your briar patch with a +0 battleaxe.
Fire: 63 arrows
Aim: a skeletal warrior, wielding a +0 battleaxe (lightly damaged, ally target, 73% to hit)
You shoot an arrow. Fedhas protects your plant from harm.
The arrow hits the skeletal warrior.
Fire: 62 arrows
Aim: a skeletal warrior, wielding a +0 battleaxe (lightly damaged, ally target, 73% to hit)
You shoot an arrow. Fedhas protects your plant from harm.
The arrow closely misses the skeletal warrior.
The skeletal warrior hits your briar patch with a +0 battleaxe!!
Your briar patch is destroyed!
Your briar patch disappears in a puff of smoke!
The skeletal warrior hits your briar patch with a +0 battleaxe!
Your briar patch is destroyed!
Your briar patch disappears in a puff of smoke!
The skeletal warrior hits your briar patch with a +0 battleaxe.
Your +2 shortbow of freezing stops glowing.
You feel a bond with your +1 spectral quarterstaff.
a - a +1 spectral quarterstaff (weapon)
You barely miss the skeletal warrior.
You claw the skeletal warrior, but do no damage.
You peck the skeletal warrior.
Your +1 spectral quarterstaff hits the skeletal warrior.
The skeletal warrior hits you but does no damage.
The skeletal warrior hits your +1 spectral quarterstaff with a +0 battleaxe.
Your spectral weapon shares its damage with you!
The skeletal warrior hits your briar patch with a +0 battleaxe!
You hit the skeletal warrior but do no damage.
You claw the skeletal warrior, but do no damage.
Your +1 spectral quarterstaff hits the skeletal warrior.
The skeletal warrior hits you with a +0 battleaxe!
The skeletal warrior hits your briar patch but does no damage.
The skeletal warrior barely misses your +1 spectral quarterstaff.
You hit the skeletal warrior. You claw the skeletal warrior.
Your +1 spectral quarterstaff hits the skeletal warrior but does no damage.
The skeletal warrior hits you but does no damage.
The skeletal warrior hits your briar patch with a +0 battleaxe.
The skeletal warrior hits your +1 spectral quarterstaff with a +0 battleaxe!
Your spectral weapon shares its damage with you!
Your +1 spectral quarterstaff fades away.
You hit the skeletal warrior. Your kick misses the skeletal warrior.
Your +1 spectral quarterstaff hits the skeletal warrior.
The skeletal warrior hits you with a +0 battleaxe!!
* * * LOW HITPOINT WARNING * * *
The skeletal warrior closely misses your +1 spectral quarterstaff.
The skeletal warrior hits your briar patch with a +0 battleaxe!
Your briar patch is destroyed!
Your briar patch disappears in a puff of smoke!
You hit the skeletal warrior but do no damage.
Your kick misses the skeletal warrior.
Your +1 spectral quarterstaff hits the skeletal warrior.
You closely miss the skeletal warrior.
You claw the skeletal warrior, but do no damage.
You peck the skeletal warrior, but do no damage.
Your +1 spectral quarterstaff hits the skeletal warrior but does no damage.
The skeletal warrior hits you with a +0 battleaxe!
* * * LOW HITPOINT WARNING * * *
The skeletal warrior barely misses your +1 spectral quarterstaff.
You sock the skeletal warrior!
You claw the skeletal warrior, but do no damage.
You peck the skeletal warrior, but do no damage.
Your +1 spectral quarterstaff barely misses the skeletal warrior.
The skeletal warrior misses you.
The skeletal warrior closely misses your +1 spectral quarterstaff.
You barely miss the skeletal warrior.
You claw the skeletal warrior, but do no damage.
Your peck misses the skeletal warrior.
Your +1 spectral quarterstaff barely misses the skeletal warrior.
The skeletal warrior misses you.
The skeletal warrior misses your +1 spectral quarterstaff.
You sock the skeletal warrior! Your kick misses the skeletal warrior.
Your +1 spectral quarterstaff closely misses the skeletal warrior.
The skeletal warrior completely misses you.
The skeletal warrior hits your +1 spectral quarterstaff with a +0 battleaxe.
Your spectral weapon shares its damage with you!
* * * LOW HITPOINT WARNING * * *
You hit the skeletal warrior but do no damage.
Your kick misses the skeletal warrior.
Your +1 spectral quarterstaff closely misses the skeletal warrior.
The skeletal warrior barely misses you.
The skeletal warrior hits your +1 spectral quarterstaff with a +0 battleaxe.
Your spectral weapon shares its damage with you!
* * * LOW HITPOINT WARNING * * *
The skeletal warrior hits you with a +0 battleaxe!!
You die...
Fedhas appreciates your contribution to the ecosystem.

##.........#...#..[#..c#.....##
#.........##'###'###'##.....#
##.......).#.|.# ..#...#.....#
#...PP.....#...# .'...#######
##..P<.)...#.).#c..#...# #
#..PP.....##'########## ##
##.........PPP.# .#
##.....)∩.P.P.# .##
#.....)....@## ..##
##..###..§z.# ...# #### ##.(..#
# ...## ##...## # ....#
##....### ## ....## ##..#....##
#. ..<..# #..####...## ##.
.....# ##.## ##....## #.. ....#
##..# #......## ##..


You could see a skeletal warrior (ally target).

Vanquished Creatures
  A centaur warrior (D:8)
  2 two-headed ogres (D:8)
  An orc knight (Bailey)
  A deep elf pyromancer (Bailey)
  A cyclops (D:8)
  A yaktaur (D:8)
  An efreet (D:8)
  A slime creature (D:8)
  A vampire (D:8)
  A wyvern (D:8)
  6 yaks (D:6)
  A vampire mosquito (D:8)
  2 water moccasins
  An ice beast (D:6)
  8 orc warriors
  2 sky beasts
  A necrophage (D:4)
  4 ogres
  2 centaurs
  A phantom (D:4)
  A kobold brigand (D:8)
  2 bullfrogs (D:8)
  5 scorpions
  A wyvern skeleton (D:6)
  2 water moccasin skeletons
  2 howler monkeys
  A bullfrog zombie (D:6)
  A bullfrog skeleton (D:5)
  A centaur zombie (D:3)
  2 hounds (D:7)
  2 gnoll shamans
  5 orc priests
  4 jellies
  Crazy Yiuf (D:4)
  A centaur skeleton (D:7)
  3 iguanas
  2 orc wizards
  Natasha (thrice) (D:4)
  A killer bee zombie (D:8)
  12 gnolls
  A howler monkey skeleton (D:4)
  16 adders
  5 river rats
  2 white imps
  4 ufetubi
  An adder skeleton (D:4)
  6 worms
  2 dart slugs
  25 orcs
  8 bats
  19 endoplasms
  5 giant cockroaches
  6 hobgoblins
  5 jackals
  10 kobolds
  4 quokkas
  12 ball pythons
  6 frilled lizards
  12 goblins
  10 rats
250 creatures vanquished.

Vanquished Creatures (others)
  A fungus (D:3)
  15 plants
  4 toadstools (D:1)
  5 withered plants (D:2)
25 creatures vanquished.

Grand Total: 275 creatures vanquished

Notes
Turn   | Place    | Note
-------+----------+-------------------------------------------
     0 | D:1      | CryoSword the Tengu Hunter began the quest for the Orb.
     0 | D:1      | Reached XP level 1. HP: 12/12 MP: 2/2
   268 | D:1      | Reached XP level 2. HP: 17/17 MP: 3/3
   384 | D:1      | Reached skill level 5 in Bows
   735 | D:2      | Found a sparkling altar of Nemelex Xobeh.
   757 | D:2      | Reached XP level 3. HP: 21/21 MP: 4/4
  1257 | D:2      | Reached XP level 4. HP: 24/27 MP: 5/5
  1574 | D:2      | Found a faded altar of an unknown god.
  1904 | D:2      | Reached skill level 6 in Bows
  2432 | D:3      | Noticed an ogre
  2473 | D:3      | Killed an ogre
  2474 | D:3      | Reached skill level 1 in Staves
  2474 | D:3      | Gained mutation: Your magical nature lets you fly swiftly
                  | and evasively. [Tengu growth]
  2474 | D:3      | Reached XP level 5. HP: 32/32 MP: 6/6
  2679 | D:3      | Identified the ring of Qerhoa {rC+ rCorr EV+4 Int+4}
  2690 | D:3      | Reached XP level 6. HP: 33/37 MP: 7/7
  3019 | D:3      | Found a sacrificial altar of Ru.
  3266 | D:4      | Noticed Natasha
  3270 | D:4      | Killed Natasha
  3271 | D:4      | Reached skill level 7 in Bows
  3303 | D:4      | Noticed Natasha
  3310 | D:4      | Killed Natasha
  3370 | D:4      | Noticed a necrophage
  3391 | D:4      | Killed a necrophage
  3392 | D:4      | Reached XP level 7. HP: 32/43 MP: 8/8
  3494 | D:4      | Found a glowing drain.
  3499 | Sewer    | Entered a sewer
  3633 | Sewer    | Found a shimmering altar of Xom.
  3649 | Sewer    | Reached skill level 8 in Bows
  4125 | D:4      | Reached XP level 8. HP: 31/48 MP: 9/9
  4127 | D:4      | Identified the +9 mace "Ukamm" {drain, Fly}
  4132 | D:4      | Found a runed translucent door.
  4133 | D:4      | Noticed Crazy Yiuf
  4312 | D:4      | Killed Crazy Yiuf
  4356 | D:4      | Identified the +5 mace of Inconvenience {vorpal, rElec
                  | rPois rF- Str+4}
  4664 | D:4      | Noticed Natasha
  4682 | D:4      | Killed Natasha
  4683 | D:4      | Reached skill level 5 in Fighting
  4763 | D:5      | Entered Level 5 of the Dungeon
  4780 | D:5      | Reached skill level 9 in Bows
  4781 | D:5      | Found a hazy altar of Hepliaklqana.
  5273 | D:5      | Reached skill level 5 in Staves
  5769 | D:6      | Reached skill level 10 in Bows
  5769 | D:6      | Reached XP level 9. HP: 55/55 MP: 10/10
  6059 | D:6      | Found a staircase to the Ecumenical Temple.
  6068 | Temple   | Entered the Ecumenical Temple
  6318 | Temple   | Became a worshipper of Fedhas Madash
  6540 | D:6      | Reached skill level 1 in Invocations
  6708 | D:6      | Reached skill level 11 in Bows
  7294 | D:7      | Reached XP level 10. HP: 43/61 MP: 11/13
  7442 | D:7      | Found a flagged portal.
  7448 | D:7      | Reached * piety under Fedhas
  7531 | Bailey   | Entered a bailey
  7856 | Bailey   | Noticed an orc knight
  7886 | Bailey   | Reached skill level 12 in Bows
  8029 | Bailey   | Killed an orc knight
  8087 | Bailey   | Found a large runed translucent door.
  8087 | Bailey   | Found a large runed translucent door.
  8088 | Bailey   | Noticed a deep elf pyromancer
  8117 | Bailey   | Killed a deep elf pyromancer
  8127 | Bailey   | Identified the +7 swamp dragon scales "Elai" {rElec rPois
                  | Will- Int+4 Dex+7}
  8880 | D:8      | Noticed a two-headed ogre
  8911 | D:8      | Killed a two-headed ogre
  8940 | D:8      | Reached ** piety under Fedhas
  9081 | D:8      | Found Pegraq's Weapon Shoppe.
  9085 | D:8      | Noticed a two-headed ogre
  9091 | D:8      | Killed a two-headed ogre
  9092 | D:8      | Reached skill level 13 in Bows
  9092 | D:8      | Reached XP level 11. HP: 68/68 MP: 15/15
  9864 | D:8      | Noticed a centaur warrior
  9871 | D:8      | Killed a centaur warrior
 10036 | D:8      | Noticed a cyclops
 10041 | D:8      | Killed a cyclops
 10042 | D:8      | Reached skill level 5 in Invocations
 10358 | D:8      | Noticed a skeletal warrior
 10401 | D:8      | Slain by a skeletal warrior

Illustrated notes

Levels and vault maps discovered:
D:1:      ldierk_walled_garden_2, layout_rooms, minmay_misc_feat_columns,
          minmay_crystal_water
D:2:      layout_loops_ring, shapermc_ecumenical_altar_flowoftime, basic_altar,
          kennysheep_nondescript
D:3:      layout_basic, nicolae_ru_the_path_less_chosen
D:4:      layout_cave_pods, lightli_sewer_entry_pipes, minmay_close_crescents,
          uniq_natasha, uniq_crazy_yiuf_cottage
D:5:      layout_loops_ring, mainiacjoe_overflow_chevrons
D:6:      layout_basic, minmay_temple_entry_wispy
D:7:      layout_loops_ring, enter_bailey_5, serial_aquarium,
          aquarium_bridge_square [aquarium_subvault_window,
          aquarium_subvault_bridge, aquarium_subvault_bridge,
          aquarium_subvault_bridge], aquarium_window_2, aquarium_window_fake,
          aquarium_view_2b, aquarium_balcony_5b
D:8:      layout_cave_pods, serial_shops, shop, minmay_evil_grid
Temple:   mainiacjoe_temple_cubbyholes

Skill      XL: |  1  2  3  4  5  6  7  8  9 10 11 |
---------------+----------------------------------+-----
Bows           | 5 6 7 8 10 11 13 | 13.5
Fighting       | 3 4 5 6 8 |  8.5
Staves         | 1 2 3 5 6 8 |  8.7
Invocations    | 2 4 5 |  5.1
Dodging        | |  2.1
Stealth        | |  1.0

Action                   |  1- 3 |  4- 6 |  7- 9 | 10-12 || total
-------------------------+-------+-------+-------+-------++-------
Melee: Short sword       |    45 |    14 |       |       ||    59
       Kick              |     8 |    21 |    66 |    43 ||   138
       Peck              |     5 |    12 |    51 |    30 ||    98
       Quarterstaff      |       |    61 |   211 |   120 ||   392
 Fire: Shortbow          |    29 |    12 |    11 |   129 ||   181
Invok: Wall of Briars    |       |       |       |     2 ||     2
  Use: Scroll            |     3 |       |     3 |     1 ||     7
 Stab: Sleeping          |     2 |     3 |     3 |     1 ||     9
       Distracted        |       |     1 |     3 |     2 ||     6
Armor: Leather armour    |    15 |     1 |       |       ||    16
       Ring mail         |       |    12 |    31 |    12 ||    55
       Swamp dragon scal |       |       |       |    24 ||    24
Dodge: Dodged            |    45 |    36 |   131 |    86 ||   298
